AoeStats
← ddmgsxis89228

Arena

510567823Analyzed
4v4 RM · 19h ago on Oct 1, 2026· 56m 48s· 8 players
Game mode
Random Map
Map size
Large (8 player)
Population
200
Speed
Normal
Resources
Standard
Victory
Conquest
Starting age
Dark Age
Ending age
Imperial Age
RankedLock teamsTeams togetherTeam positionsShared explorationLock speedFull tech treeHidden civsTurbo modeCheats
Victory
Defeat
🇹🇷 Teutons · Türkiye
985
+15
🇹🇷 Turks · Türkiye
955
+16
🇧🇷 Hindustanis · Brazil
905
+18
🇨🇭 Burgundians · Switzerland
900
+18
🇮🇩 Mongols · Indonesia
957
-17
🇮🇳 Danes · India
950
-17
🇨🇳 Koreans · China
949
-17
🇨🇳 Bohemians · China
944
-16
findsarfaraz
11:43 Feudal Age
12:31 Loom
16:24 Castle Age
16:18 Double-Bit Axe
17:13 Horse Collar
21:15 Heavy Plow
24:09 Forging
24:45 Bloodlines
26:25 Scale Barding Armor
26:54 Scale Mail Armor
27:04 Scale Barding Armor
27:35 Bow Saw
28:11 Husbandry
30:11 Wheelbarrow
34:09 Iron Casting
33:55 Chain Barding Armor
35:11 Scale Mail Armor
36:21 Fervor
38:14 Chain Mail Armor
37:42 Elite Skirmisher
43:51 Imperial Age
41:57 Pikeman
ddmgsxis89228
2:17 Loom
10:27 Feudal Age
15:36 Castle Age
21:21 Horse Collar
21:30 Double-Bit Axe
22:58 Heavy Plow
23:13 Bow Saw
34:06 Imperial Age
31:40 Stone Mining
31:42 Gold Mining
32:03 Fletching
32:14 Padded Archer Armor
32:52 Ballistics
33:22 Wheelbarrow
32:32 Town Watch
32:59 Caravan
33:29 Bloodlines
33:20 Husbandry
33:29 Thumb Ring
34:28 Bodkin Arrow
35:03 Hand Cart
34:16 Light Cavalry
35:54 Gold Shaft Mining
35:55 Stone Shaft Mining
35:52 Parthian Tactics
35:34 Bracer
35:52 Heavy Cavalry Archer
37:06 Leather Archer Armor
38:44 Chemistry
39:15 Conscription
1829032
2:09 Loom
11:31 Feudal Age
12:52 Double-Bit Axe
12:50 Horse Collar
16:44 Wheelbarrow
19:22 Castle Age
18:42 Forging
19:49 Fletching
20:02 Scale Mail Armor
21:47 Heavy Plow
27:44 Imperial Age
25:16 Town Watch
26:36 Chain Mail Armor
26:38 Pikeman
29:39 Chemistry
28:43 Elite Skirmisher
38:11 Murder Holes
38:39 Ballistics
38:18 Halberdier
40:33 Squires
我全都要
8:02 Loom
11:20 Feudal Age
11:54 Double-Bit Axe
12:58 Stone Mining
14:03 Wheelbarrow
16:43 Loom
19:25 Castle Age
18:51 Gold Mining
18:45 Horse Collar
21:49 Hand Cart
21:46 Bow Saw
22:14 Stone Shaft Mining
24:21 Treadmill Crane
31:54 Town Watch
34:51 Imperial Age
35:11 Elite Fire Lancer
36:25 Conscription
36:42 Light Cavalry
pelikanecho314
2:08 Loom
11:42 Feudal Age
10:42 Double-Bit Axe
10:40 Horse Collar
18:53 Castle Age
16:53 Gold Mining
19:35 Husbandry
23:12 Wheelbarrow
24:09 Town Watch
23:52 Cavalier
25:11 Devotion
26:40 Hand Cart
27:22 Pikeman
28:03 Squires
29:08 Heavy Plow
32:59 Imperial Age
31:15 Bow Saw
31:37 Crop Rotation
31:45 Gold Shaft Mining
31:34 Ballistics
33:55 Two-Man Saw
34:45 Conscription
34:20 Paladin
35:09 Scale Barding Armor
35:56 Elite Skirmisher
36:56 Burgundian Vineyards
38:01 Forging
38:12 Chain Barding Armor
37:43 Fletching
39:06 Chemistry
37:37 Halberdier
41:20 Plate Barding Armor
41:20 Iron Casting
44:47 Blast Furnace
45:10 Bodkin Arrow
45:15 Padded Archer Armor
46:06 Bracer
48:17 Stone Mining
NUTAS
0:29 Loom
11:35 Feudal Age
14:02 Horse Collar
14:11 Double-Bit Axe
17:47 Castle Age
18:44 Wheelbarrow
19:23 Bow Saw
23:19 Heavy Plow
29:05 Imperial Age
29:33 Hand Cart
31:40 Two-Man Saw
35:24 Elite Janissary
40:44 Town Watch
44:51 Ballistics
44:22 Heated Shot
45:14 Gold Mining
45:14 Stone Mining
45:57 Padded Archer Armor
45:47 Fletching
46:21 Artillery
47:22 Gold Shaft Mining
47:45 Thumb Ring
50:23 Conscription
50:24 Sipahi
49:46 Treadmill Crane
49:38 Crossbowman
50:43 Bodkin Arrow
51:03 Leather Archer Armor
50:54 Scale Barding Armor
50:49 Scale Mail Armor
51:35 Hoardings
51:51 Town Patrol
52:04 Arrowslits
51:51 Sappers
53:07 Bracer
53:37 Ring Archer Armor
DOLAREX
11:28 Feudal Age
11:01 Loom
11:57 Double-Bit Axe
12:05 Stone Mining
11:57 Horse Collar
13:30 Gold Mining
15:33 Scale Mail Armor
15:51 Forging
19:56 Castle Age
18:43 Arson
20:52 Heavy Plow
21:13 Bow Saw
21:45 Gambesons
22:00 Squires
22:40 Iron Casting
23:04 Wheelbarrow
23:26 Town Watch
25:47 Town Patrol
26:56 Pikeman
28:14 Ironclad
30:06 Stone Shaft Mining
29:49 Chain Mail Armor
32:29 Imperial Age
32:31 Capped Ram
34:24 Conscription
34:12 Elite Teutonic Knight
54:24 Elite Skirmisher
55:43 Fletching
55:53 Padded Archer Armor
56:54 Blast Furnace
56:25 Plate Mail Armor
56:54 Ballistics
57:34 Chemistry
Pilgrim
1:35 Loom
11:24 Feudal Age
11:58 Double-Bit Axe
12:16 Horse Collar
16:49 Castle Age
16:10 Stone Mining
18:41 Bow Saw
21:22 Wheelbarrow
22:12 Fletching
24:23 Heavy Plow
26:01 Fortified Wall
27:52 Masonry
30:27 Imperial Age
28:09 Gold Mining
28:56 Stone Shaft Mining
29:00 Grand Trunk Road
29:05 Caravan
31:51 Bodkin Arrow
33:04 Chemistry
32:54 Bracer
35:21 Heavy Camel Rider
36:02 Husbandry
36:13 Bloodlines
39:32 Imperial Camel Rider
40:28 Forging
40:23 Scale Barding Armor
51:52 Iron Casting
51:37 Chain Barding Armor
55:06 Blast Furnace
Connection lost

Rejoining the realm…

Still unreachable

The connection could not be restored.

Session expired

The server has moved on; the page needs a fresh start.